 Dungeon Crawl Stone Soup version 0.28-a0-683-ga8797d1ae1 (webtiles) character file.

Game seed: 18338777500557545609

29 Woods the Caller (level 3, -1/25 HPs)
             Began as a Gnoll Summoner on Oct 18, 2021.
             Slain by Sigmund (10 damage)
             ... on level 2 of the Dungeon.
             The game lasted 00:03:49 (1532 turns).

Woods the Caller (Gnoll Summoner)                   Turns: 1532, Time: 00:03:50

Health: -1/25      AC:  2    Str:  7    XL:     3   Next: 16%
Magic:  1/9        EV: 13    Int: 15    God:
Gold:   47         SH:  0    Dex: 12    Spells: 9/12 levels left

rFire   . . .      SeeInvis .   (no weapon)
rCold   . . .      Faith    .   (no shield)
rNeg    . . .      Spirit   .   a - +0 robe
rPois   .          Reflect  .   (no helmet)
rElec   .          Harm     .   d - scarf {+Inv}
rCorr   .          Rampage  .   (no gloves)
Will    .....                   (no boots)
Stlth   ++........              (no amulet)
HPRegen 0.08/turn               (no ring)
MPRegen 0.11/turn               (no ring)

@: no status effects
A: fangs 1, strong nose, distributed training
a: Evoke Invisibility


You were on level 2 of the Dungeon.
You visited 1 branch of the dungeon, and saw 2 of its levels.

You collected 47 gold pieces.

Inventory:

Armour
 a - a +0 robe (worn)
 d - a scarf of invisibility (worn)
Jewellery
 h - a ring of willpower
Scrolls
 b - a scroll of torment {unknown}
 f - a scroll of identify {unknown}
 g - 2 scrolls of immolation {unknown}
 i - a scroll of amnesia {unknown}
 j - a scroll of enchant armour {unknown}
Potions
 c - a potion of degeneration {unknown}
 e - 4 potions of flight {unknown}
 k - a potion of curing {unknown}


   Skills:
 + Level 0.6 Fighting
 + Level 0.6 Short Blades
 + Level 0.6 Long Blades
 + Level 0.6 Axes
 + Level 0.6 Maces & Flails
 + Level 0.6 Polearms
 + Level 0.6 Staves
 + Level 0.6 Slings
 + Level 0.6 Bows
 + Level 0.6 Crossbows
 + Level 0.6 Throwing
 + Level 0.6 Armour
 + Level 4.5 Dodging
 + Level 4.1 Stealth
 + Level 0.6 Shields
 + Level 0.6 Unarmed Combat
 + Level 5.0 Spellcasting
 + Level 0.4 Conjurations
 + Level 0.4 Hexes
 + Level 7.1 Summonings
 + Level 0.4 Necromancy
 + Level 0.4 Translocations
 + Level 0.4 Transmutations
 + Level 0.4 Fire Magic
 + Level 0.4 Ice Magic
 + Level 0.4 Air Magic
 + Level 0.4 Earth Magic
 + Level 0.4 Poison Magic
 + Level 0.8 Invocations
 + Level 0.6 Evocations


You had 9 spell levels left.
You knew the following spells:

 Your Spells              Type           Power      Damage    Failure   Level
a - Summon Small Mammal   Summ           100%       N/A       1%          1
b - Call Imp              Summ           25%        N/A       1%          2

Your spell library contained the following spells:

 Spells                   Type           Power      Damage    Failure   Level
 Call Canine Familiar     Summ           25%        N/A       2%          3
 Summon Guardian Golem    Hex/Summ       15%        N/A       11%         3
 Summon Lightning Spire   Summ/Air       15%        N/A       34%         4
 Ignite Poison            Fire/Tmut/Pois 5%         N/A       38%         3
 Mephitic Cloud           Conj/Pois/Air  5%         N/A       38%         3
 Freezing Cloud           Conj/Ice/Air   2%         6-21      98%         5


Dungeon Overview and Level Annotations

Branches:
Dungeon (2/15)

Altars:

Shops:
D:1 :

Annotations:
D:2 Sigmund


Innate Abilities, Weirdness & Mutations

You have very sharp teeth.
Your uncanny sense of smell can sniff out nearby items.
Your experience applies equally to all skills.


Message History

Something hits your quokka.
Your quokka dies!
Your quokka's corpse disappears in a puff of smoke!
Casting: Summon Small Mammal (safe; 1% risk of failure)
Confirm with . or Enter, or press ? or * to list all spells.
A beastly little devil appears in a puff of flame.
Your crimson imp barely misses the jackal.
Casting: Call Imp (safe; 1% risk of failure)
Confirm with . or Enter, or press ? or * to list all spells.
Your crimson imp blinks!
You swap places.
The jackal closely misses your crimson imp.
The jackal barely misses your crimson imp.
Your crimson imp completely misses the jackal.
The jackal bites your crimson imp but does no damage.
Your crimson imp closely misses the jackal.
The jackal misses your crimson imp.
Your crimson imp hits the jackal.
The jackal bites your crimson imp.
The jackal barely misses your crimson imp.
Your crimson imp blinks!
Your quokka bites the jackal.
The jackal dies!
Sigmund appears from thin air!
Reactivating autopickup.
Sigmund completely misses your quokka.
Your quokka bites Sigmund.
Your quokka barely misses Sigmund.
Sigmund hits your quokka with a +0 scythe.
Your quokka dies!
Your quokka's corpse disappears in a puff of smoke!
Your crimson imp blinks!
Casting: Summon Small Mammal (safe; 1% risk of failure)
Confirm with . or Enter, or press ? or * to list all spells.
Casting: Summon Small Mammal (safe; 1% risk of failure)
Confirm with . or Enter, or press ? or * to list all spells.
Sigmund misses your bat.
Your bat hits Sigmund.
Your crimson imp blinks!
Your bat barely misses Sigmund.
Your quokka bites Sigmund.
Sigmund hits you from afar with a +0 scythe!
You die...

#.###+###.)# #..#
#..# #.# #.## #.#
#.# ########.# #.#
#........### ###@#
#..........###.br#
###.........5...@..#
.................###
.................#
.......#.##......#
....##.#.#########
....##.#.#
###......# ####.###
#.#


You could see Sigmund (ally target), a friendly crimson imp (summoned), a
friendly quokka (summoned) and a friendly bat (summoned).

Vanquished Creatures
  A dart slug (D:1)
  A ball python (D:1)
  2 kobolds
4 creatures vanquished.

Vanquished Creatures (collateral kills)
  A worm (D:2)
  An endoplasm (D:1)
  A giant cockroach (D:2)
  2 goblins (D:1)
  2 jackals (D:2)
  2 quokkas (D:1)
  3 ball pythons
  3 bats (D:1)
  A frilled lizard (D:1)
  4 kobolds (D:1)
20 creatures vanquished.

Grand Total: 24 creatures vanquished

Notes
Turn   | Place    | Note
-------+----------+-------------------------------------------
     0 | D:1      | Woods the Gnoll Summoner began the quest for the Orb.
     0 | D:1      | Reached XP level 1. HP: 13/13 MP: 6/6
   457 | D:1      | Reached XP level 2. HP: 12/19 MP: 4/7
   460 | D:1      | Learned a level 2 spell: Call Imp
   758 | D:1      | Found Lewyal's Book Boutique.
  1292 | D:2      | Reached XP level 3. HP: 16/25 MP: 6/9
  1459 | D:2      | Reached skill level 5 in Spellcasting
  1488 | D:2      | Noticed Sigmund
  1532 | D:2      | Slain by Sigmund

Illustrated notes

Levels and vault maps discovered:
D:1:      dpeg_arrival_simpleton_a, layout_rooms, serial_shops,
          nicolae_shop_waterfront, chequers_serial_rivers_micro_e
D:2:      layout_basic, dreamdust_ecumenical_altar_sealed_demon, uniq_sigmund,
          uniq_jessica

Skill      XL: |  1  2  3 |
---------------+----------+-----
Spellcasting   | 5 |  5.0
Fighting       | |  0.6
Short Blades   | |  0.6
Long Blades    | |  0.6
Axes           | |  0.6
Maces & Flails | |  0.6
Polearms       | |  0.6
Staves         | |  0.6
Slings         | |  0.6
Bows           | |  0.6
Crossbows      | |  0.6
Throwing       | |  0.6
Armour         | |  0.6
Dodging        | |  4.5
Stealth        | |  4.1
Shields        | |  0.6
Unarmed Combat | |  0.6
Conjurations   | |  0.4
Hexes          | |  0.4
Summonings     | |  7.1
Necromancy     | |  0.4
Translocations | |  0.4
Transmutations | |  0.4
Fire Magic     | |  0.4
Ice Magic      | |  0.4
Air Magic      | |  0.4
Earth Magic    | |  0.4
Poison Magic   | |  0.4
Invocations    | |  0.8
Evocations     | |  0.6

Action                   || total
-------------------------++-------
Melee: Unarmed           ||    59
       Bite              ||     4
 Cast: Summon Small Mamm ||    30
       Call Imp          ||    11
 Stab: Sleeping          ||     1
Armor: Robe              ||    22
Dodge: Dodged            ||    61

Table legend: (Time is in decaauts)
 A = Elapsed time spent in this place.
 B = Non-inter-level travel time spent in this place.
 C = Inter-level travel time spent in this place.
 D = Time resting spent in this place.
 E = Time spent auto-exploring this place.
 F = Levels seen in this place.
 G = Mean time per level.
                   A        B        C        D        E       F      G
               +--------+--------+--------+--------+--------+-----+--------+
         Total |   1531 |   1527 |      4 |    110 |   1118 |   2 |  765.5 |
       Dungeon |   1531 |   1527 |      4 |    110 |   1118 |   2 |  765.5 |
               +--------+--------+--------+--------+--------+-----+--------+

Top non-repeatable levels by time:
     D:1: 1211 daAuts
     D:2: 319 daAuts
